 Dungeon Crawl Stone Soup version 0.30-a0-782-ge64f9170bb (webtiles) character file.

Game seed: 9798417291159586150

7491 Leeroy the Transmogrifier (level 11, -10/82 (86) HPs)
             Began as an Octopode Transmuter on Feb 22, 2023.
             Was a Priest of Wu Jian.
             Mangled by a spectral orc knight
             ... wielding a +0 war axe
             ... summoned by Nergalle
              (18 damage)
             ... on level 11 of the Dungeon.
             The game lasted 00:15:52 (14152 turns).

Leeroy the Transmogrifier (Octopode Transmuter)    Turns: 14152, Time: 00:15:53

HP:   -10/82 (86)   AC:  8    Str: 10    XL:     11   Next: 16%
MP:   6/14          EV: 12    Int: 26    God:    Wu Jian [***...]
Gold: 613           SH:  0    Dex: 12    Spells: 6/14 levels left

rFire   . . .      SeeInvis .      - Unarmed
rCold   + + .      Faith    .    (shield currently unavailable)
rNeg    + . .      Spirit   .    (helmet currently unavailable)
rPois   +          Reflect  .    h - amulet of the acrobat
rElec   .          Harm     .    q - ring of positive energy
rCorr   .          Rampage  .    z - ring of fire
Will    .....                    A - +6 ring of intelligence
Stlth   +                        (no ring)
HPRegen 0.33/turn                (no ring)
MPRegen 0.14/turn                (no ring)
                                 (no ring)
                                 (no ring)

@: ice-form, lightly drained
A: freezing attack, boosted hp, almost no armour, amphibious, 8 rings, large,
(camouflage 1), (gelatinous body 1), (nimble swimmer 1), (tentacles)
a: End Transformation, Renounce Religion, Wall Jump, Serpent's Lash


You were on level 11 of the Dungeon.
You worshipped Wu Jian.
Wu Jian was most pleased with you.
You were a creature of crystalline ice.
You visited 2 branches of the dungeon, and saw 12 of its levels.
You also visited: Bailey.

You collected 613 gold pieces.

Inventory:

Missiles
 s - 31 poisoned darts
Magical Staves
 y - a staff of poison
 C - a staff of air
Jewellery
 h - an amulet of the acrobat (around neck)
 i - an amulet of guardian spirit
 q - a ring of positive energy (left front paw)
 z - a ring of fire (right front paw)
 A - a +6 ring of intelligence (on tentacle)
Wands
 l - a wand of flame (14)
 B - a wand of charming (4)
Scrolls
 c - 5 scrolls of teleportation
 d - 8 scrolls of identify
 f - 5 scrolls of magic mapping
 g - 4 scrolls of enchant weapon
 r - a scroll of noise
 t - a scroll of brand weapon
Potions
 a - 3 potions of lignification
 b - 3 potions of degeneration
 e - 8 potions of curing
 j - 3 potions of brilliance
 k - a potion of ambrosia {unknown}
 m - 5 potions of heal wounds {unknown}
 o - a potion of flight {unknown}
 p - 2 potions of haste {unknown}
 u - a potion of cancellation {unknown}
 v - 2 potions of might {unknown}
 w - a potion of magic {unknown}
 x - a potion of invisibility {unknown}


   Skills:
 - Level 6.0 Fighting
 - Level 7.1 Dodging
 - Level 10.0 Unarmed Combat
 - Level 2.0 Spellcasting
 + Level 10.8 Transmutations


You had 6 spell levels left.
You knew the following spells:

 Your Spells              Type           Power      Damage    Failure   Level
a - Beastly Appendage     Tmut           100%       N/A       1%          1
b - Spider Form           Tmut/Pois      30%        N/A       3%          3
c - Ice Form              Ice/Tmut       30%        N/A       11%         4

Your spell library contained the following spells:

 Spells                   Type           Power      Damage    Failure   Level
 Passwall                 Tmut/Erth      25%        N/A       1%          2
 Wereblood                Tmut           56%        N/A       1%          2
 Apportation              Tloc           4%         N/A       11%         1
 Magic Dart               Conj           8%         1d3       11%         1
 Necrotise                Necr           8%         1d4       11%         1
 Sandblast                Erth           4%         2d4       11%         1
 Summon Small Mammal      Summ           8%         N/A       11%         1
 Call Imp                 Summ           2%         N/A       16%         2
 Ensorcelled Hibernation  Hex/Ice        4%         N/A       16%         2
 Mephitic Cloud           Conj/Pois/Air  2%         N/A       30%         3
 Stone Arrow              Conj/Erth      4%         3d7       30%         3
 Anguish                  Hex/Necr       1%         N/A       71%         4
 Borgnjor's Revivificati  Necr           1%         N/A       100%        8
 Necromutation            Tmut/Necr      15%        N/A       100%        8
 Death's Door             Necr           1%         N/A       100%        9


Dungeon Overview and Level Annotations

Branches:
Dungeon (11/15)            Temple (1/1) D:7            Lair (0/5) D:8
 Bailey (visited)
    Orc: D:9-12

Altars:
Ashenzari
Cheibriados
Dithmenos
Elyvilon
Fedhas
Gozag
Hepliaklqana
Kikubaaqudgha
Makhleb
Nemelex Xobeh
Okawaru
Qazlal
Ru
Sif Muna
Trog
Uskayaw
Vehumet
Wu Jian
Xom
Yredelemnul
Zin
The Shining One

Annotations:
D:6 Maggie
D:8 Erica
D:11 2 runed translucent doors, Nergalle


Innate Abilities, Weirdness & Mutations

You are a creature of crystalline ice.
You have a powerful freezing melee attack.
Your maximum health is increased.
Your armour is entirely melded.
You are incapable of wielding weapons or throwing items.
You cannot wear most types of armour.
You are amphibious.
You can wear up to eight rings at the same time.
((Your skin changes colour to match your surroundings (Stealth+).))
((Your rubbery body absorbs attacks. (AC +1, EV +1)))
((You are camouflaged when in or above water. (Stealth+)))
((You have tentacles for arms and can constrict up to eight enemies at once.))


Message History

The spectral orc warrior is severely damaged.
You pummel the acid dragon!! You freeze the acid dragon!
You kill the acid dragon!
The Council accepts your kill.
The spectral orc warrior hits you with a +0 scimitar!
You partially resist.
You feel drained.
The spectral orc knight hits you with a +3 great sword.
The spectral orc warrior hits you from afar with a +0 trident!
Your life force feels restored.
You spin and attack the spectral orc knight repeatedly.
You hit the spectral orc knight. You freeze the spectral orc knight.
The spectral orc knight is lightly damaged.
You hit the spectral orc knight but do no damage.
The spectral orc knight is lightly damaged.
The spectral orc warrior hits you with a +0 trident.
You partially resist.
You feel drained.
The spectral orc knight closely misses you.
You see here a komodo dragon corpse.
You hit the spectral orc warrior. You freeze the spectral orc warrior.
The spectral orc warrior is almost destroyed.
The spectral orc knight hits you with a +3 great sword!!
You partially resist.
You feel drained.
The spectral orc warrior hits you with a +0 trident!
The spectral orc warrior hits you with a +0 scimitar!
* * * LOW HITPOINT WARNING * * *
Blink to where?
Press: ? - help, Dir - move target
As you read the scroll of blinking, it crumbles to dust.
Nergalle gestures at you while chanting.
Orcish apparitions take form around you.
You spin and attack the spectral orc knight.
You hit the spectral orc knight.
The spectral orc knight is lightly damaged.
The spectral orc warrior barely misses you.
The spectral orc knight hits you with a +0 war axe.
* * * LOW HITPOINT WARNING * * *
Okay, then.
The spectral orc knight attacks as you move away!
The spectral orc knight hits you with a +0 war axe!!
You die...

#....
#...#
#...#
#...#
#...# #
#...#
#.##...#
#...ZY.#
#.##...#
#.##.Z.#
#.##...#
#..#...#
#..Z.).#
#.oZ...#
#......#
#Z.#...#


You could see 2 spectral orc warriors and 2 spectral orc knights.

Vanquished Creatures
  2 gargoyles
  A komodo dragon (D:11)
  2 trolls
  5 shadows
  A wraith (D:9)
  3 wyverns
  2 vampires
  4 yaks (D:10)
  Grum (D:10)
  Menkaure (D:4)
  An acid dragon (D:11)
  A water moccasin (D:9)
  A black bear (D:7)
  2 centaurs
  2 wolves (D:10)
  4 kobold brigands
  2 phantoms
  4 bullfrogs
  A necrophage (D:5)
  5 scorpions
  11 killer bees
  9 vampire bats (Bailey)
  8 wolf zombies (Bailey)
  4 hounds
  2 orc priests (D:7)
  5 jellies
  2 gnoll boudas
  4 iguanas
  An orc wizard (D:3)
  13 gnolls
  18 orc zombies (Bailey)
  11 adders
  A shadow imp (D:7)
  2 white imps
  An ufetubus (D:6)
  2 worms
  A dart slug (D:2)
  11 orcs
  5 endoplasms
  6 giant cockroaches
  8 goblins
  8 hobgoblins
  10 jackals
  17 kobolds
  6 quokkas
  6 ball pythons
  6 bats
  2 frilled lizards (D:1)
  6 rats
231 creatures vanquished.

Notes
Turn   | Place    | Note
-------+----------+-------------------------------------------
     0 | D:1      | Leeroy the Octopode Transmuter began the quest for the Orb.
     0 | D:1      | Reached XP level 1. HP: 13/13 MP: 3/3
   119 | D:1      | Reached XP level 2. HP: 18/18 MP: 5/5
   419 | D:1      | Found a faded altar of an unknown god.
   583 | D:1      | Reached XP level 3. HP: 19/23 MP: 6/6
  1136 | D:2      | Learned a level 3 spell: Spider Form
  1211 | D:2      | Reached XP level 4. HP: 28/28 MP: 7/7
  1318 | D:2      | Reached skill level 5 in Unarmed Combat
  1733 | D:3      | Found a stormy altar of Qazlal.
  1908 | D:3      | Reached XP level 5. HP: 33/33 MP: 8/8
  2357 | D:4      | Found an ornate altar of the Wu Jian Council.
  2366 | D:4      | Became a worshipper of the Wu Jian Council
  2372 | D:4      | Learned a level 4 spell: Ice Form
  2416 | D:4      | You fall into a shaft and drop 2 floors!
  2432 | D:6      | Reached XP level 6. HP: 30/38 MP: 9/9
  2782 | D:6      | Found a glowing golden altar of the Shining One.
  2913 | D:6      | Noticed Maggie
  3061 | D:6      | Found a bloodstained altar of Trog.
  3131 | D:6      | Reached XP level 7. HP: 29/43 MP: 10/10
  3407 | D:5      | Entered Level 5 of the Dungeon
  4254 | D:4      | Found a basalt altar of Yredelemnul.
  4268 | D:4      | Reached * piety under Wu Jian
  4269 | D:4      | Reached XP level 8. HP: 26/48 MP: 9/11
  4845 | D:4      | Noticed Menkaure
  4851 | D:4      | Killed Menkaure
  4852 | D:4      | Reached skill level 10 in Unarmed Combat
  5423 | D:5      | Found a hazy altar of Hepliaklqana.
  5652 | D:5      | Found a hide-covered altar of Uskayaw.
  5847 | D:6      | Found an iron altar of Okawaru.
  5958 | D:7      | Found a burning altar of Makhleb.
  5966 | D:7      | Found a staircase to the Ecumenical Temple.
  6051 | D:7      | Reached skill level 5 in Transmutations
  6235 | D:7      | Noticed a shadow
  6249 | D:7      | Killed a shadow
  6250 | D:7      | Reached XP level 9. HP: 28/53 MP: 12/12
  7147 | D:7      | Found a glowing silver altar of Zin.
  7147 | D:7      | Noticed an angel
  7815 | Temple   | Entered the Ecumenical Temple
  7969 | D:8      | Found a staircase to the Lair.
  8569 | D:8      | Found a shimmering blue altar of Sif Muna.
  9175 | D:8      | Noticed Erica
  9279 | D:9      | Reached ** piety under Wu Jian
  9377 | D:9      | Reached skill level 5 in Dodging
  9459 | D:9      | Found a sacrificial altar of Ru.
  9693 | D:9      | Reached XP level 10. HP: 22/58 MP: 9/13
 11030 | D:10     | Entered Level 10 of the Dungeon
 11032 | D:10     | Noticed Grum
 11049 | D:10     | Killed Grum
 11252 | D:10     | Found a shadowy altar of Dithmenos.
 11313 | D:10     | Reached skill level 5 in Fighting
 11351 | D:10     | Found a flagged portal.
 11443 | Bailey   | Entered a bailey
 11677 | Bailey   | Noticed a gargoyle
 11724 | Bailey   | Killed a gargoyle
 11942 | Bailey   | Reached *** piety under Wu Jian
 13323 | D:10     | Reached XP level 11. HP: 72/72 MP: 9/14
 13528 | D:11     | Reached skill level 10 in Transmutations
 13959 | D:11     | Found a runed translucent door.
 13962 | D:11     | Found a runed translucent door.
 13962 | D:11     | Noticed a fire crab
 13962 | D:11     | Noticed a cyclops
 14141 | D:11     | Noticed Nergalle
 14152 | D:11     | Mangled by a spectral orc knight

Illustrated notes

Levels and vault maps discovered:
D:1:      scummos_arrival_checkerplants, layout_loops_cross,
          chequers_ecumenical_altar_simple, kennysheep_pointless_box
D:2:      layout_basic, serial_corexii_hall, corexii_hall_statues_x,
          chequers_hall_statues_y, minmay_octomino_j4
D:3:      layout_rooms, mainiacjoe_overflow_24_doors,
          nicolae_figureground_sparkle
D:4:      layout_loops_ring, mainiacjoe_overflow_chevrons,
          nzn_wu_jian_council_hall, grunt_decor_fettered, nicolae_titane,
          uniq_menkaure
D:5:      layout_basic, nicolae_uskayaw_suspiria, kennysheep_little_box,
          columned_hall_lemuel, minmay_misc_feat_hallway
D:6:      layout_basic, okawaru_ov_weapons_minmay, tso_altar,
          amcnicky_altar_gilded, uniq_maggie
D:7:      layout_basic, lemuel_tele_altar, zin_angel, minmay_temple_entry_trees,
          small_statue_intersection
D:8:      layout_loops_ring, led_sif_pool, lair_entry_dummy, minivault_10,
          uniq_erica
D:9:      layout_long_grid, nicolae_ru_sacrificial_ziggurat
D:10:     layout_basic, mainiacjoe_overflow_boulevard, enter_bailey_3, uniq_grum
D:11:     minmay_the_grid_triangle_9x9_rhombus_full
          [minmay_the_grid_triangle_9x9_thin_v,
          minmay_the_grid_triangle_9x9_cache,
          minmay_the_grid_triangle_9x9_tough_junction,
          minmay_the_grid_triangle_9x9_intruding_spiral,
          minmay_the_grid_triangle_9x9_from_above,
          minmay_the_grid_triangle_9x9_flanged_cone,
          minmay_the_grid_triangle_9x9_windchime,
          minmay_the_grid_triangle_9x9_prize_schism], layout_long_grid,
          uniq_nergalle
Temple:   compressed_dpeg_triangle_lava_temple

Skill      XL: |  1  2  3  4  5  6  7  8  9 10 11 |
---------------+----------------------------------+-----
Unarmed Combat | 4 5 6 7 9 10 | 10.0
Transmutations | 6 8 9 10 | 10.8
Dodging        | 6 7 |  7.1
Fighting       | 6 |  6.0
Spellcasting   | |  2.0

Action                     |  1- 3 |  4- 6 |  7- 9 | 10-12 || total
---------------------------+-------+-------+-------+-------++-------
  Melee: Unarmed           |   101 |   108 |   235 |   222 ||   666
         Constrict         |    23 |    23 |    38 |     5 ||    89
         Tentacles         |    19 |    29 |    34 |     3 ||    85
         Punch             |       |     2 |    16 |     1 ||    19
         Kick              |       |     6 |    51 |     8 ||    65
   Cast: Beastly Appendage |       |     3 |    28 |     4 ||    35
         Ice Form          |       |       |     7 |    23 ||    30
Ability: Lunge             |       |     5 |    21 |    22 ||    48
         Whirlwind         |       |       |    15 |    18 ||    33
         Wall Jump         |       |       |       |    11 ||    11
  Evoke: Wand              |       |       |     2 |       ||     2
    Use: Scroll            |       |       |     9 |     2 ||    11
         Potion            |       |       |       |     1 ||     1
   Stab: Sleeping          |     8 |     4 |     3 |       ||    15
 Armour: Skin              |     6 |     4 |    32 |    42 ||    84
  Dodge: Dodged            |    58 |    72 |   111 |   142 ||   383

Table legend: (Time is in decaauts)
 A = Elapsed time spent in this place.
 B = Non-inter-level travel time spent in this place.
 C = Inter-level travel time spent in this place.
 D = Time resting spent in this place.
 E = Time spent auto-exploring this place.
 F = Levels seen in this place.
 G = Mean time per level.
                   A        B        C        D        E       F      G
               +--------+--------+--------+--------+--------+-----+--------+
         Total |  14082 |  13570 |    512 |   3661 |   7950 |  13 | 1083.2 |
       Dungeon |  12540 |  12049 |    491 |   2929 |   7389 |  11 | 1140.0 |
        Temple |    113 |     92 |     21 |      0 |     85 |   1 |  113.0 |
        Bailey |   1428 |   1428 |      0 |    732 |    476 |   1 | 1428.0 |
               +--------+--------+--------+--------+--------+-----+--------+

Top non-repeatable levels by time:
     D:7: 2072 daAuts
     D:9: 1836 daAuts
  Bailey: 1428 daAuts
     D:5: 1299 daAuts
    D:10: 1290 daAuts
     D:6: 1175 daAuts
     D:4: 1118 daAuts
     D:8: 1038 daAuts
     D:2: 1003 daAuts
     D:1: 690 daAuts
     D:3: 629 daAuts
    D:11: 385 daAuts
  Temple: 113 daAuts
